 Dungeon Crawl Stone Soup version 0.23.1-37-gaa34b87 (webtiles) character file.

Game seed: 10633853405558227969

359 Kairos the Chopper (level 6, -1/55 HPs)
             Began as a Hill Orc Fighter on Mar 24, 2019.
             Was a Follower of Okawaru.
             Killed by nerve-wracking pain
             ... invoked by an orc priest
              (5 damage)
             ... on level 4 of the Dungeon.
             The game lasted 00:05:34 (2868 turns).

Kairos the Chopper (Hill Orc Fighter)               Turns: 2868, Time: 00:05:36

Health: -1/55      AC:  9    Str: 20      XL:     6   Next: 65%
Magic:  6/6        EV:  8    Int:  7 (8)  God:    Okawaru [*.....]
Gold:   198        SH:  9    Dex: 11      Spells: 5/5 levels left

rFire    . . .     SeeInvis .   a - +1 war axe
rCold    . . .     Gourm    .   c - +0 shield
rNeg     . . .     Faith    .   b - +1 scale mail
rPois    .         Spirit   .   (no helmet)
rElec    .         Reflect  .   (no cloak)
rCorr    .         Harm     .   (no gloves)
MR       .....     Rnd*Tele +   m - +0 pair of boots
Stlth    ..........             (no amulet)
HPRegen  0.18/turn              k - ring of teleportation (curse)
MPRegen  0.10/turn              (no ring)

@: no status effects
A: no striking features
a: Heroism, Renounce Religion, Convert to Beogh


You were on level 4 of the Dungeon.
You worshipped Okawaru.
Okawaru was aware of your devotion.
You were hungry.

You visited 1 branch of the dungeon, and saw 4 of its levels.

You collected 198 gold pieces.

Inventory:

Hand Weapons
 a - a +1 war axe (weapon)
Missiles
 s - 2 throwing nets (quivered)
Armour
 b - a +1 scale mail (worn)
 c - a +0 shield (worn)
 m - a +0 pair of boots (worn)
Jewellery
 k - a cursed ring of teleportation (left hand)
Wands
 r - a wand of scattershot (7)
Scrolls
 e - a scroll of fog
 g - a scroll of identify
 h - 2 scrolls of blinking
 i - 2 scrolls of teleportation
Potions
 d - 2 potions of might
 j - 2 potions of heal wounds
 n - 3 potions of curing
Comestibles
 f - 5 rations


   Skills:
 + Level 4.8 Fighting
 + Level 6.1 Axes
 + Level 4.2 Armour
 + Level 1.1 Dodging
 + Level 0.2 Stealth
 + Level 4.5 Shields


You had 5 spell levels left.
You didn't know any spells.
Your spell library was empty.

Dungeon Overview and Level Annotations

Branches:
Dungeon (4/15)
 Temple: D:4-7

Altars:
Ashenzari
Cheibriados
Elyvilon
Kikubaaqudgha
Okawaru
Sif Muna


Message History

You are too injured to fight recklessly!
Unknown command.
Unknown command.
You are too injured to fight recklessly!
Unknown command.
You are too injured to fight recklessly!
You block the orc wizard's attack.
The orc wizard gestures at you while chanting.
The magic dart hits you but does no damage.
The orc wizard casts a spell at you. The magic dart hits you.
* * * LOW HITPOINT WARNING * * *
The orc wizard hits you but does no damage.
The orc wizard casts a spell at you. The magic dart hits you!
* * * LOW HITPOINT WARNING * * *
The orc wizard hits you but does no damage. x2
The orc priest calls down the wrath of Beogh upon you.
Pain shoots through your body!
You die...

#.. #.# #.# #.# #.#
##### #.# #
#######...####.######...
...........)...ooo...>..
#.#####...####..@oo...#
#.# #...# ########.# #.#
##...####### #.#
#..........# (.#
#..........## ..#
#..###.###..# ..# ##.#
#.# #..# ..#
###.###'###..# ..#
#.....+_'....#


You could see 2 orc priests and 3 orc wizards.

Vanquished Creatures
  A phantom (D:4)
  3 orc wizards
  A worker ant (D:4)
  Robin (D:3)
  6 adders
  An ooze (D:1)
  2 worms
  A dart slug (D:2)
  3 leopard geckos
  6 orcs
  2 giant cockroaches
  16 goblins
  8 hobgoblins
  8 jackals
  8 kobolds
  3 quokkas
  6 bats
  5 frilled lizards
  13 rats
94 creatures vanquished.

Notes
Turn   | Place    | Note
-------+----------+-------------------------------------------
     0 | D:1      | Kairos the Hill Orc Fighter began the quest for the Orb.
     0 | D:1      | Reached XP level 1. HP: 19/19 MP: 1/1
    67 | D:1      | Reached XP level 2. HP: 26/27 MP: 2/2
   144 | D:1      | Reached skill level 3 in Axes
   204 | D:1      | Reached XP level 3. HP: 33/33 MP: 3/3
   534 | D:2      | Reached skill level 4 in Axes
   944 | D:2      | Reached XP level 4. HP: 27/40 MP: 4/4
  1318 | D:2      | Found an ancient bone altar of Kikubaaqudgha.
  1511 | D:3      | Noticed Robin
  1518 | D:2      | Reached XP level 5. HP: 40/47 MP: 5/5
  1531 | D:2      | Reached skill level 5 in Axes
  1681 | D:3      | Killed Robin
  1729 | D:3      | Found a faded altar of an unknown god.
  1753 | D:3      | Became a worshipper of Sif Muna the Loreminder
  1753 | D:3      | Reached * piety under Sif Muna
  1918 | D:3      | Found a white marble altar of Elyvilon.
  2074 | D:3      | Found an iron altar of Okawaru.
  2577 | D:3      | Fell from the grace of Sif Muna
  2577 | D:3      | Became a worshipper of Warmaster Okawaru
  2600 | D:4      | Reached XP level 6. HP: 53/53 MP: 6/6
  2616 | D:4      | Found a snail-covered altar of Cheibriados.
  2686 | D:4      | Found a shattered altar of Ashenzari.
  2773 | D:4      | Noticed a phantom
  2789 | D:4      | Killed a phantom
  2789 | D:4      | Reached * piety under Okawaru
  2789 | D:4      | Reached skill level 6 in Axes
  2789 | D:4      | Reached skill level 1 in Dodging
  2868 | D:4      | Killed from afar by an orc priest

Skill      XL: |  1  2  3  4  5  6 |
---------------+-------------------+-----
Axes           | 3 4 5 6 |  6.1
Fighting       | 4 |  4.8
Armour         | 4 |  4.2
Shields        | 4 |  4.5
Dodging        | 1 |  1.1
Stealth        | |  0.2

Action                   |  1- 3 |  4- 6 || total
-------------------------+-------+-------++-------
Melee: War axe           |   104 |   175 ||   279
  Use: Scroll            |       |     8 ||     8
       Potion            |       |     3 ||     3
  Eat: Chunk             |       |     6 ||     6
Armor: Scale mail        |    55 |    97 ||   152
Dodge: Dodged            |    36 |    56 ||    92
Block: Shield            |    64 |   103 ||   167
